 Dungeon Crawl Stone Soup version 0.31-a0-198-g2ad674f65e (webtiles) character file.

Game seed: 8144917654933611506

305 qw the Skirmisher (level 6, -1/35 HPs)
             Began as a Deep Elf Hunter on June 25, 2023.
             Slain by a scorpion (3 damage)
             ... on level 4 of the Dungeon.
             The game lasted 00:01:08 (2998 turns).

qw the Skirmisher (Deep Elf Hunter)                 Turns: 2998, Time: 00:01:09

Health: -1/35      AC:  6    Str: 10    XL:     6   Next: 15%
Magic:  8/8        EV: 11    Int: 14    God:
Gold:   284        SH:  0    Dex: 18    Spells: 5/5 levels left

rFire   . . .        Y - +0 shortbow
rCold   . . .        (shield currently unavailable)
rNeg    . . .        f - +0 ring mail
rPois   .            (no helmet)
rElec   .            i - +0 cloak
rCorr   .            (no gloves)
SInv    +            (no boots)
Will    .....        (no amulet)
Stlth   +            h - ring of see invisible
HPRegen 0.25/turn    (no ring)
MPRegen 0.11/turn

%: no passive effects
@: lethally poisoned (-1 -> -8), about to teleport
A: no striking features
a: no special abilities


You were on level 4 of the Dungeon.
You visited 1 branch of the dungeon, and saw 4 of its levels.

You collected 284 gold pieces.


   Skills:
 - Level 2.0 Fighting
 + Level 9.6 Ranged Weapons
 - Level 2.4 Dodging
 - Level 1.2 Stealth


You had 5 spell levels left.
You didn't know any spells.
Your spell library was empty.

Inventory:

Hand Weapons
 Y - a +0 shortbow (weapon)
Armour
 f - a +0 ring mail (worn)
 i - a +0 cloak (worn)
Jewellery
 b - a ring of fire
 h - a ring of see invisible (left hand)
Scrolls
 e - a scroll of identify
 j - a scroll of teleportation
Potions
 c - a potion of heal wounds {unknown}
 d - a potion of mutation {unknown}
 g - a potion of curing
 k - a potion of enlightenment {unknown}
 l - a potion of attraction {unknown}

Dungeon Overview and Level Annotations

Branches:
Dungeon (4/15)
 Temple: D:4-7

Altars:
Gozag
Nemelex Xobeh
Vehumet

Shops:
D:2 (

Annotations:
D:3 1 runed translucent door, qw's ghost, amateur DEHu


Message History

You are frozen.
You shoot an arrow.
The arrow hits the scorpion but does no damage.
The scorpion is moderately wounded.
The scorpion stings you.
You are poisoned.
The scorpion poisons you! The endoplasm freezes you.
You are frozen.
You shoot an arrow.
The arrow hits the scorpion but does no damage.
The scorpion is moderately wounded.
You feel very sick.
The scorpion stings you but does no damage.
The endoplasm closely misses you.
You shoot an arrow.
The arrow hits the scorpion but does no damage.
The scorpion is moderately wounded.
You feel sick. The scorpion stings you.
The endoplasm hits you but does no damage.
The scorpion stings you.
You are lethally poisoned!
The scorpion poisons you!
You shoot an arrow. The arrow hits the scorpion.
The scorpion is heavily wounded.
You feel very sick.
The scorpion stings you but does no damage.
The endoplasm freezes you.
You are frozen.
2997 ||| READING 2 scrolls of teleportation.
As you read the scroll of teleportation, it crumbles to dust.
You feel strangely unstable.
You feel very sick.
The scorpion stings you but does no damage.
The endoplasm freezes you.
You are frozen.
You shoot an arrow. The arrow hits the scorpion.
The scorpion is heavily wounded.
You feel sick. The scorpion stings you.
You die...

...#......# ...#......#
#........
...####.#.#####.......##
...####)......'.......).
#........#.####.........
#.......#..# #.........
.......#.#.# #.........
......#.##.# #..J......
.....#.###)####.@s......
....#.## #.....##.#.....
...#.## #.....# .# ...
..#.######.....# .# .
##.#.....+.....# .#
..#.######.....# .#
...#.##
#.....##.#########
....#.##
#.######.##......#
.....#.###.# #.##......#


You could see a scorpion and an endoplasm.

Vanquished Creatures
  An ice beast (D:4)
  A jelly (D:4)
  A hound (D:4)
  A statue (D:3)
  5 adders (D:2)
  4 worms
  2 dart slugs
  8 ball pythons
  11 endoplasms
  A giant cockroach (D:2)
  4 goblins
  3 hobgoblins
  14 kobolds
  7 quokkas
  3 bats
  4 frilled lizards
  5 rats
75 creatures vanquished.

Notes
Turn   | Place    | Note
-------+----------+-------------------------------------------
     0 | D:1      | qw the Deep Elf Hunter began the quest for the Orb.
     0 | D:1      | Reached XP level 1. HP: 12/12 MP: 3/3
     0 | D:1      | 0 ||| qw: Version: 0.3-a-22-g0ed2b0b
     0 | D:1      | 0 ||| qw: Game counter: 5050
     0 | D:1      | 0 ||| qw: Melee chars always use a shield: true
     0 | D:1      | 0 ||| qw: God list: Okawaru
     0 | D:1      | 0 ||| qw: Allow faded altars: false
     0 | D:1      | 0 ||| qw: Do Orc after clearing Dungeon:15 true
     0 | D:1      | 0 ||| qw: Do second Lair branch before Depths: true
     0 | D:1      | 0 ||| qw: Lair rune preference: random
     0 | D:1      | 0 ||| qw: Goals: Normal
     0 | D:1      | 0 ||| PLANNING D:1-11
    14 | D:1      | 14 ||| DROPPING +3 sling.
    77 | D:1      | Reached skill level 6 in Ranged Weapons
    77 | D:1      | Reached XP level 2. HP: 16/16 MP: 4/4
   255 | D:1      | Found a faded altar of an unknown god.
   617 | D:1      | 617 ||| UPGRADING to +0 ring mail.
   627 | D:1      | 627 ||| DROPPING +0 leather armour.
   628 | D:1      | 628 ||| UPGRADING to ring of see invisible.
   629 | D:1      | 629 ||| READING scroll labelled BASHIH UJIPS.
   634 | D:1      | 634 ||| DRINKING 2 murky sapphire potions.
   635 | D:1      | 635 ||| DRINKING 2 inky potions.
   636 | D:1      | 636 ||| DROPPING scroll of butterflies.
   637 | D:1      | 637 ||| DROPPING potion of degeneration.
   684 | D:2      | Reached XP level 3. HP: 14/20 MP: 5/5
   735 | D:2      | Reached skill level 7 in Ranged Weapons
   826 | D:2      | HP: 5/20 [poisoned by an adder]
   966 | D:2      | 966 ||| FLEEEEING.
   997 | D:2      | Reached XP level 4. HP: 12/25 MP: 6/6
  1000 | D:2      | HP: 6/25 [quokka (3)]
  1001 | D:2      | 1001 ||| READING scroll of teleportation.
  1283 | D:2      | Found Weskuk's Weapon Shop.
  1487 | D:2      | 1487 ||| UPGRADING to +0 cloak.
  1492 | D:2      | 1492 ||| READING scroll labelled FYTSAFI CEAZAR.
  1535 | D:3      | Found an opulent altar of Gozag.
  1637 | D:3      | Reached skill level 8 in Ranged Weapons
  2024 | D:3      | Found a runed translucent door.
  2027 | D:3      | Noticed qw's ghost (amateur DEHu)
  2077 | D:3      | Found a radiant altar of Vehumet.
  2077 | D:3      | Noticed a frost-covered statue
  2085 | D:3      | Killed a frost-covered statue
  2086 | D:3      | Reached XP level 5. HP: 29/29 MP: 7/7
  2556 | D:3      | 2556 ||| READING 3 scrolls labelled TOERPH LAEGGOECLEL.
  2557 | D:3      | 2557 ||| READING 2 scrolls of identify.
  2557 | D:3      | 2557 ||| IDENTIFYING metallic red potion
  2558 | D:3      | 2558 ||| DROPPING potion of magic.
  2663 | D:4      | Found a sparkling altar of Nemelex Xobeh.
  2670 | D:4      | Noticed an ice beast
  2678 | D:4      | Killed an ice beast
  2679 | D:4      | Reached skill level 9 in Ranged Weapons
  2800 | D:4      | 2800 ||| FLEEEEING.
  2801 | D:4      | 2801 ||| FLEEEEING.
  2802 | D:4      | 2802 ||| FLEEEEING.
  2803 | D:4      | 2803 ||| FLEEEEING.
  2888 | D:4      | Reached XP level 6. HP: 34/34 MP: 8/8
  2996 | D:4      | HP: 8/35 [frozen (2)]
  2997 | D:4      | 2997 ||| READING 2 scrolls of teleportation.
  2998 | D:4      | HP: 2/35 [poisoned by a scorpion]
  2998 | D:4      | Slain by a scorpion

Levels and vault maps discovered:
D:1:      saegor_arrival_simple_a, layout_loops_cross,
          dreamdust_ecumenical_altar_angels_and_demons,
          minmay_stone_trees_small, minmay_close_crescents
D:2:      layout_basic, serial_shops, shop
D:3:      layout_basic, vehumet_statue,
          nicolae_gozag_cash_rules_everything_around_me, ebering_ghost_sewer_d,
          dreamdust_wishing_well
D:4:      wad_pebble_path, layout_basic, kennysheep_mini_moat,
          lemuel_round_altar, ebering_ghost_reflecting_pool, uniq_grinder

Skill      XL: |  1  2  3  4  5  6 |
---------------+-------------------+-----
Ranged Weapons | 6 7 8 9 |  9.6
Fighting       | 2 |  2.0
Dodging        | |  2.4
Stealth        | |  1.2

Action                     |  1- 3 |  4- 6 || total
---------------------------+-------+-------++-------
   Fire: Shortbow          |    96 |   157 ||   253
    Use: Potion            |     2 |       ||     2
         Scroll            |     1 |     5 ||     6
 Armour: Ring mail         |    13 |    19 ||    32
         Leather armour    |     2 |       ||     2
  Dodge: Dodged            |    18 |    24 ||    42

Table legend:
 A = Non-vault XP
 B = Vault XP
 C = Vault XP percentage of total XP
 D = Non-vault monster count
 E = Vault monster count
 F = Vault count percentage of total count
                 A         B        C        D         E       F
            +---------+---------+-------+---------+---------+-------
      Total |     397 |      39 |   8.9 |      69 |       6 |   8.0
            +---------+---------+-------+---------+---------+-------
        D:1 |      30 |       7 |  18.9 |      17 |       5 |  22.7
        D:2 |     109 |       0 |   0.0 |      23 |       0 |   0.0
        D:3 |      22 |      32 |  59.3 |      12 |       1 |   7.7
        D:4 |     236 |       0 |   0.0 |      17 |       0 |   0.0
            +---------+---------+-------+---------+---------+-------
